 Dungeon Crawl Stone Soup version 0.26-b1-32-g5d43845318 (webtiles) character file.

Game seed: 3590530332385570861

235 Froggeryz the Changer (level 6, -1/39 HPs)
             Began as an Octopode Transmuter on Jan 5, 2021.
             Slain by an orc (2 damage)
             ... on level 3 of the Dungeon.
             The game lasted 00:04:31 (2725 turns).

Froggeryz the Changer (Octopode Transmuter)         Turns: 2725, Time: 00:04:31

Health: -1/39      AC:  1    Str: 11    XL:     6   Next: 5%
Magic:  7/9        EV: 14    Int: 15    God:
Gold:   89         SH:  0    Dex: 13    Spells: 8/9 levels left

rFire    . . .     SeeInvis +     - Unarmed
rCold    . . .     Faith    .   (no shield)
rNeg     . . .     Spirit   .   (helmet currently unavailable)
rPois    .         Reflect  .   (no amulet)
rElec    .         Harm     .   b - ring of see invisible
rCorr    .         Rampage  .   (no ring)
Will     .....                  (no ring)
Stlth    ++........             (no ring)
HPRegen  0.13/turn              (no ring)
MPRegen  0.11/turn              (no ring)
                                (no ring)
                                (no ring)

@: mighty, appendages (expiring)
A: almost no armour, stealthy swim, amphibious, 8 rings, constrict 8, tentacle
spike 3, camouflage 1, gelatinous body 1
a: End Transformation


You were on level 3 of the Dungeon.
One of your tentacles had a temporary spike.
You visited 1 branch of the dungeon, and saw 3 of its levels.

You collected 89 gold pieces.

Inventory:

Missiles
 m - 14 poisoned darts
Jewellery
 b - a ring of see invisible (left tentacle)
Wands
 o - a wand of digging (3)
Scrolls
 c - a scroll of teleportation {unknown}
 d - 2 scrolls of identify {unknown}
 f - a scroll of magic mapping {unknown}
 i - a scroll of noise {unknown}
 j - 2 scrolls of remove curse {unknown}
 k - a scroll of fog {unknown}
 l - a scroll of immolation {unknown}
 n - a scroll of fear {unknown}
Potions
 a - a potion of brilliance {unknown}
 e - a potion of lignification {unknown}
 g - a potion of might
 h - a potion of flight {unknown}


   Skills:
 + Level 2.2 Fighting
 - Level 3.0 Dodging
 + Level 4.2 Unarmed Combat
 - Level 2.0 Spellcasting
 * Level 4.2 Transmutations


You had 8 spell levels left.
You knew the following spells:

 Your Spells              Type           Power        Failure   Level
a - Beastly Appendage     Tmut           28%          4%          1

Your spell library contained the following spells:

 Spells                   Type           Power        Failure   Level
 Wereblood                Tmut           14%          6%          2
 Spider Form              Tmut/Pois      3%           28%         3
 Ice Form                 Ice/Tmut       7%           67%         4
 Blade Hands              Tmut           7%           73%         5


Dungeon Overview and Level Annotations

Branches:
Dungeon (3/15)

Altars:
Xom


Innate Abilities, Weirdness & Mutations

You cannot wear most types of armour.
You are very stealthy in the water. (Stealth+)
You are amphibious.
You can wear up to eight rings at the same time.
You can use your tentacles to constrict eight enemies at once.
Your skin changes colour to match your surroundings (Stealth+).
Your rubbery body absorbs attacks. (AC +1, EV +1)
One of your tentacles bears a large vicious spike.


Message History

You constrict the orc wizard. The orc wizard casts a spell at you.
The puff of flame hits you!
* * * LOW HITPOINT WARNING * * *
You tentacle-slap the orc priest but do no damage.
You squeeze the orc priest.
You kill the orc priest!
Your transformation is almost over.
You constrict the orc wizard. The orc wizard closely misses you.
You have reached level 6!
Your experience leads to an increase in your attributes!
Increase (S)trength, (I)ntelligence, or (D)exterity?
You feel stronger.
It was a potion of might.
You feel very mighty all of a sudden.
You constrict the orc wizard.
The orc wizard hits you with a +0 dagger.
* * * LOW HITPOINT WARNING * * *
The orc hits you.
You die...

#........# #...
##.........##..#
#.....oo...$#..#
.........o⌠#..#
......o.. #.#
#.......o #.#
#....o.o. ##.#
#o#########..#
#o@.........##
#########....#
#.##.####
###........
#....#.######
#.#.##.#.....
#.#.# .#.....
#.#.. .#.....
##.######.<...


You could see an orc wizard (fast) and an orc.

Vanquished Creatures
  An orc priest (D:3)
  Crazy Yiuf (D:2)
  Natasha (thrice) (D:2)
  Robin (D:2)
  An adder (D:2)
  An ooze (D:1)
  2 dart slugs (D:2)
  3 orcs
  5 giant cockroaches
  15 goblins
  8 hobgoblins
  3 quokkas (D:2)
  A ball python (D:2)
  7 bats
  3 frilled lizards
  9 kobolds
  5 rats
69 creatures vanquished.

Vanquished Creatures (others)
  2 fungi (D:2)
2 creatures vanquished.

Grand Total: 71 creatures vanquished

Notes
Turn   | Place    | Note
-------+----------+-------------------------------------------
     0 | D:1      | Froggeryz the Octopode Transmuter began the quest for the
                  | Orb.
     0 | D:1      | Reached XP level 1. HP: 13/13 MP: 3/3
   154 | D:1      | Reached XP level 2. HP: 16/18 MP: 5/5
   692 | D:1      | Reached XP level 3. HP: 17/24 MP: 6/6
  1093 | D:2      | Found a shimmering altar of Xom.
  1561 | D:2      | Noticed Natasha
  1568 | D:2      | Killed Natasha
  1569 | D:2      | Reached XP level 4. HP: 24/29 MP: 7/7
  1653 | D:2      | Noticed Natasha
  1660 | D:2      | Killed Natasha
  1777 | D:2      | Noticed Natasha
  1789 | D:2      | Killed Natasha
  1790 | D:2      | Reached XP level 5. HP: 26/34 MP: 4/8
  1872 | D:2      | Noticed Robin
  1889 | D:2      | HP: 1/34 [goblin[Robin] (1)]
  1917 | D:2      | Killed Robin
  2218 | D:2      | Found a runed translucent door.
  2219 | D:2      | Noticed Crazy Yiuf
  2340 | D:2      | Killed Crazy Yiuf
  2725 | D:3      | Reached XP level 6. HP: 3/39 MP: 7/9
  2725 | D:3      | HP: 1/39 [orc wizard/+0 dagger (3)]
  2725 | D:3      | Slain by an orc

Illustrated notes

Levels and vault maps discovered:
D:1:      lemuel_arrival_broad_hall, layout_rooms, fountainhead
D:2:      minmay_evil_eye, layout_basic, xom_teletrap_fun, uniq_robin,
          uniq_crazy_yiuf_cottage, uniq_natasha
D:3:      cheibrodos_pilgrimage, layout_basic, nicolae_overflow_crystal_walls

Skill      XL: |  1  2  3  4  5 |
---------------+----------------+-----
Fighting       | 2 |  2.2
Unarmed Combat | 4 |  4.2
Transmutations | 3 4 |  4.2
Dodging        | 3 |  3.0
Spellcasting   | |  2.0

Action                   |  1- 3 |  4- 6 || total
-------------------------+-------+-------++-------
Melee: Unarmed           |    96 |    73 ||   169
       Constrict         |    20 |    20 ||    40
       Tentacles         |    12 |     9 ||    21
       Kick              |     1 |    12 ||    13
       Punch             |     2 |     1 ||     3
 Cast: Beastly Appendage |     2 |     6 ||     8
  Use: Potion            |       |     3 ||     3
 Stab: Sleeping          |     7 |     1 ||     8
Armor: Skin              |    12 |     7 ||    19
Dodge: Dodged            |    73 |    53 ||   126
